 Dungeon Crawl Stone Soup version 0.17-a0-1882-g750edc8 (webtiles) character file.

81146 Geeful the Grappler (level 16, 0/120 HPs)
             Began as a Human Wanderer on Sept 20, 2015.
             Was the Champion of Makhleb.
             Slain by an orc warrior
             ... wielding a +0 hand axe
             ... led by an orc warlord
              (27 damage)
             ... on level 4 of the Orcish Mines on Sept 22, 2015.
             The game lasted 02:34:04 (30990 turns).

Geeful the Grappler (Human Wanderer)               Turns: 30990, Time: 02:34:04

Health: 0/120      AC: 20    Str: 22    XL:     16   Next: 17%
Magic:  23/23      EV: 17    Int: 12    God:    Makhleb [******]
Gold:   2481       SH:  0    Dex: 16    Spells: 2 memorised, 11 levels left

rFire  . . .     SeeInvis .       - Unarmed
rCold  + . .     Clarity  .     h - +2 scale mail of Intuition {rElec rPois}
rNeg   . . .     SustAt   .     (no shield)
rPois  +         Gourm    .     (helmet restricted)
rElec  +         Spirit   .     (no cloak)
rCorr  .         Warding  .     v - +0 pair of gloves
rMut   .         Stasis   .     t - +2 pair of boots {Fly}
MR     +....                    P - amulet of rage
Stlth  +.........               H - +5 ring of strength
                                x - ring of protection from cold

@: flying, slowed, very slow, somewhat resistant to hostile enchantments, very
unstealthy
A: horns 1, iridescent scales 1, regeneration 1
a: Minor Destruction, Lesser Servant of Makhleb, Major Destruction, Greater
Servant of Makhleb, Renounce Religion, Evoke Berserk Rage, Stop Flying


You were on level 4 of the Orcish Mines.
You worshipped Makhleb.
Makhleb was exalted by your worship.
You were not hungry.

You visited 4 branches of the dungeon, and saw 25 of its levels.
You also visited: Labyrinth and Volcano.

You collected 2481 gold pieces.

Inventory:

Missiles
 D - 58 poisoned needles
Armour
 h - the +2 scale mail of Intuition (worn) {rElec rPois}
   (You took it off a minotaur in a labyrinth)

   It insulates you from electricity.
   It protects you from poison.
 k - a +0 pair of boots
 t - a +2 pair of boots of flying (worn)
 v - a +0 pair of gloves (worn)
 Y - a +3 plate armour of fire resistance
Rods
 b - a +3 rod of the swarm (10/10)
   (You found it in a labyrinth)
Jewellery
 a - an uncursed ring of poison resistance
 x - a ring of protection from cold (left hand)
 y - an uncursed amulet of resist mutation
 H - a +5 ring of strength (right hand)
 J - an uncursed ring of positive energy
 L - an uncursed ring of fire
 P - an amulet of rage (around neck)
 U - an uncursed amulet of regeneration
 W - an uncursed amulet of the gourmand
 X - an uncursed amulet of warding
Magical devices
 i - a wand of digging (17)
 o - a wand of teleportation (3)
 C - a wand of cold (5)
 O - a wand of heal wounds (2)
 T - a wand of slowing (14)
Scrolls
 e - a scroll of enchant weapon
 j - 2 scrolls of enchant armour
 l - 11 scrolls of remove curse
 p - 7 scrolls of recharging
 q - 2 scrolls of magic mapping
 s - a scroll of blinking
 z - a scroll of amnesia
 B - 4 scrolls of fog
 M - a scroll of identify
 Q - 8 scrolls of teleportation
 R - a scroll of fear
Potions
 c - a potion of invisibility
 g - a potion of haste
 m - 2 potions of lignification
 n - a potion of cancellation
 A - 5 potions of brilliance
 E - 4 potions of berserk rage
 F - 2 potions of heal wounds
 I - 3 potions of agility
 K - a potion of cure mutation
 Z - a potion of might
Books
 V - a book of Battle

   Spells                             Type                      Level
   a - Infusion                       Charms                       1
   b - Shroud of Golubria             Charms/Translocation         2
   c - Song of Slaying                Charms                       2
   d - Spectral Weapon                Hexes/Charms                 3
   e - Regeneration                   Charms/Necromancy            3
Miscellaneous
 u - an ornate deck of wonders {Wild Magic}
 S - a phial of floods
Comestibles
 d - 23 fruits
 f - 15 bread rations
 r - 7 meat rations
 G - 4 beef jerkies
 N - 18 royal jellies


   Skills:
 + Level 9.5 Fighting
   Level 1.0 Long Blades
   Level 1.0 Axes
 - Level 11.4 Armour
 - Level 11.4 Dodging
 - Level 2.0 Stealth
 + Level 14.5 Unarmed Combat
 + Level 6.4 Charms
 - Level 10.1 Invocations
 - Level 8.2 Evocations


You had 11 spell levels left.
You knew the following spells:

 Your Spells              Type           Power        Failure   Level  Hunger
a - Shroud of Golubria    Chrm/Tloc      #.........   30%         2    ###....
b - Song of Slaying       Chrm           ###.....     10%         2    ###....


Dungeon Overview and Level Annotations

Branches:
Dungeon (12/15)            Temple (1/1) D:6            Lair (8/8) D:9
 Shoals (0/4) Lair:4       Spider (0/4) Lair:6        Slime (0/6) Lair:8
    Orc (4/4) D:11            Elf (0/3) Orc:4

Altars:
Ashenzari
Cheibriados
Dithmenos
Elyvilon
Fedhas
Gozag
Kikubaaqudgha
Makhleb
Nemelex Xobeh
Okawaru
Ru
Trog
Xom
Yredelemnul
Zin
The Shining One

Shops:
D:4 (

Annotations:
D:12 Nergalle


Innate Abilities, Weirdness & Mutations

You have a pair of small horns on your head.
You are partially covered in iridescent scales (AC +4).
Your natural rate of healing is unusually fast.


Message History

The orc warlord is severely wounded.
Your orange demon stings the orc warlord from afar!
Your hellwing hits the orc warrior but does no damage.
Your hellwing closely misses the orc warrior.
The orc warlord hits you with a dire flail!
The orc warrior completely misses you.
Your orange demon stings the orc warlord from afar.
Your hellwing hits the orc warrior. x2
The orc warrior hits you but does no damage.
You barely miss the orc warlord. You headbutt the orc warlord!
Your punch misses the orc warlord.
The orc warlord is almost dead.
The orc warlord hits you with a dire flail!
* * * LOW HITPOINT WARNING * * *
The orc warrior barely misses you.
Your hellwing closely misses the orc warrior.
Your hellwing hits the orc warrior but does no damage.
Your orange demon stings the orc warlord but does no damage.
The orc warrior hits you with a hand axe!!
You die...

####* ### ####### # ##.#.## ###
##.######.##... ###.....###.##
#...#..#..).... .....#..##...####
#......[.))))..
.....#...##.....###........).....
......#...##.....##.)#÷..........
....>..#..##....#oo...#.....o....
...............4@oo....#.#..o..).
..........##.##)#.4)..#####.#...§
.......#.......###...## #...#...
......##........###.## ##.#....
.................#### #####..
..............#.## *##∩,##.
..............#.### *#.#,,,##
..................## ##..##,,,*
.......[...........# ###.#..#*,,,


You could see an orc warlord, 3 orc warriors, a friendly orange demon and a
friendly hellwing.

Vanquished Creatures
  Snorg (Lair:4)
  A minotaur (Lab)
  Harold (D:10)
  5 hydras
  A catoblepas (Lair:8)
  4 death yaks
  A deep troll shaman (Lair:8)
  2 unseen horrors
  3 hill giants
  2 orc knights
  5 orc sorcerers
  A cyclops (D:11)
  A griffon (Lair:7)
  A torpor snail (Lair:5)
  4 elephants (Lair:8)
  5 black mambas (Lair:8)
  9 spiny frogs
  8 komodo dragons
  2 fire drakes
  3 trolls
  A queen bee (Lair:5)
  A two-headed ogre (D:9)
  2 slime creatures (Lair:8)
  14 blink frogs
  45 yaks
  A shadow (D:11)
  A human (D:11)
  2 hogs (Volcano)
  A fire bat (Volcano)
  A steam dragon (Lair:8)
  Eustachio (D:5)
  9 basilisks
  26 wolves
  10 hippogriffs
  A mottled dragon (D:11)
  Menkaure (D:4)
  14 porcupines
  A hungry ghost (D:10)
  10 swamp worms (Lair:4)
  Edmund (D:5)
  16 water moccasins
  2 wargs
  A trapdoor spider simulacrum (D:11)
  A wasp (D:7)
  An eye of draining (D:11)
  4 sky beasts
  28 orc warriors
  A phantom (D:4)
  8 ice beasts
  9 centaurs
  3 black bears
  15 ogres
  8 crocodiles
  A big kobold (D:8)
  Blork the orc (D:5)
  A brain worm (Lair:8)
  20 giant frogs
  7 scorpions
  A wyvern skeleton (D:8)
  36 killer bees
  2 electric eels (Lair:8)
  6 jellies
  A giant frog zombie (D:11)
  6 crimson imps
  24 orc wizards
  3 centaur zombies
  9 hounds
  3 centaur skeletons
  29 orc priests
  A wyvern simulacrum (D:11)
  Terence (D:3)
  12 iguanas
  13 worker ants
  2 hell rats (D:9)
  A killer bee zombie (D:8)
  19 sheep
  A hound skeleton (D:8)
  A worker ant zombie (D:7)
  Robin (D:4)
  A gnoll (D:10)
  10 adders
  29 river rats
  3 shadow imps
  2 white imps (D:11)
  A worker ant simulacrum (D:11)
  2 adder skeletons
  An ooze (D:3)
  2 adder zombies
  10 worms
  5 giant geckos
  176 orcs
  A ball python (D:2)
  10 bats
  4 giant cockroaches
  17 goblins
  13 hobgoblins
  6 jackals
  4 quokkas
  5 giant newts
  10 kobolds
  16 rats
830 creatures vanquished.

Vanquished Creatures (collateral kills)
  An orc warlord (Orc:2)
  A fire dragon (Lair:3)
  3 hydras
  4 death yaks
  An orc high priest (Orc:4)
  Urug (D:11)
  An orc knight (Orc:4)
  A griffon (Lair:4)
  A cyclops (D:11)
  A manticore (Lair:4)
  3 elephants (Lair:8)
  A komodo dragon (Lair:8)
  A wyvern (D:11)
  A wolf (D:11)
  A hippogriff (Lair:4)
  2 basilisks (Lab)
  A water moccasin (Lair:4)
  A hungry ghost (D:10)
  A sky beast (D:10)
  An ogre (D:11)
  An orc warrior (Orc:4)
  An ice beast (D:11)
  A brain worm (Lair:4)
  A giant frog (Lair:3)
  An electric eel (Lair:3)
  An orc wizard (Orc:4)
  3 sheep (Lair:7)
  2 gnolls (D:10)
  4 worms (Lair:4)
  An orc (D:10)
  A fungus (Lair:4)
  A plant (Lair:4)
46 creatures vanquished.

Vanquished Creatures (others)
  A worker ant (D:7)
  26 fungi
  27 plants
54 creatures vanquished.

Grand Total: 930 creatures vanquished

Notes
Turn   | Place    | Note
--------------------------------------------------------------
     0 | D:1      | Geeful the Human Wanderer began the quest for the Orb.
     0 | D:1      | Geeful set off with: a +2 falchion, a potion of lignification, a wand of random effects (15), a +0 robe, a +0 dagger, a bread ration
     0 | D:1      | Reached XP level 1. HP: 19/19 MP: 1/1
   161 | D:1      | Reached skill level 1 in Unarmed Combat
   597 | D:1      | Reached XP level 2. HP: 18/25 MP: 2/2
   984 | D:1      | Upgraded the game from 0.17-a0-1863-g715b4b0 to 0.17-a0-1881-g2f5db94
  1239 | D:1      | Reached XP level 3. HP: 28/30 MP: 3/3
  2244 | D:2      | Reached XP level 4. HP: 37/37 MP: 4/4
  2467 | D:2      | Found a sacrificial altar of Ru.
  2817 | D:2      | Reached XP level 5. HP: 23/42 MP: 5/5
  3123 | D:3      | Noticed Terence
  3162 | D:3      | Found a faded altar to an unknown god.
  3191 | D:3      | Noticed a giant frog
  3200 | D:3      | Killed a giant frog
  3200 | D:3      | Reached skill level 5 in Unarmed Combat
  3351 | D:3      | Reached XP level 6. HP: 19/48 MP: 6/6
  3780 | D:3      | Killed Terence
  3915 | D:3      | Reached skill level 6 in Unarmed Combat
  4312 | D:4      | Noticed Menkaure
  4317 | D:4      | Killed Menkaure
  4317 | D:4      | Reached skill level 7 in Unarmed Combat
  4317 | D:4      | Reached XP level 7. HP: 28/54 MP: 7/7
  4861 | D:4      | Found Zyho's Weapon Emporium.
  4865 | D:4      | Noticed Robin
  4910 | D:4      | Killed Robin
  5150 | D:4      | Found a blossoming altar of Fedhas.
  5412 | D:4      | Reached skill level 8 in Unarmed Combat
  5412 | D:4      | Reached XP level 8. HP: 30/60 MP: 8/8
  5780 | D:5      | Entered Level 5 of the Dungeon
  5912 | D:5      | Found a basalt altar of Yredelemnul.
  6017 | D:5      | Found a glowing golden altar of the Shining One.
  6045 | D:5      | Noticed Edmund
  6137 | D:5      | Reached skill level 9 in Unarmed Combat
  6271 | D:5      | Found a sacrificial altar of Ru.
  6272 | D:5      | Noticed Eustachio
  6334 | D:5      | Killed Edmund
  6334 | D:5      | Reached skill level 10 in Unarmed Combat
  6508 | D:5      | Killed Eustachio
  6508 | D:5      | Reached XP level 9. HP: 63/65 MP: 9/9
  7142 | D:5      | Noticed Blork the orc
  7153 | D:5      | Killed Blork the orc
  7465 | D:6      | Reached skill level 11 in Unarmed Combat
  7476 | D:6      | Reached skill level 1 in Dodging
  7523 | D:6      | Found a staircase to the Ecumenical Temple.
  7540 | Temple   | Entered the Ecumenical Temple
  7558 | Temple   | Became a worshipper of Makhleb the Destroyer
  7721 | D:6      | Reached skill level 1 in Invocations
  7924 | D:6      | Found an opulent altar of Gozag.
  7930 | D:6      | Found a sparkling altar of Nemelex Xobeh.
  9062 | D:7      | Acquired Makhleb's first power
  9116 | D:7      | Reached XP level 10. HP: 53/71 MP: 12/12
  9799 | D:7      | Reached skill level 5 in Armour
 10084 | D:8      | Found a bloodstained altar of Trog.
 10124 | D:8      | Reached skill level 5 in Invocations
 10179 | D:8      | Found an ancient bone altar of Kikubaaqudgha.
 10187 | D:8      | Acquired Makhleb's second power
 10187 | D:8      | Reached skill level 5 in Dodging
 10189 | D:8      | Noticed a hill giant
 10216 | D:8      | Killed a hill giant
 10587 | D:8      | Found a glowing silver altar of Zin.
 10591 | D:8      | Found an ancient bone altar of Kikubaaqudgha.
 11075 | D:8      | Gained mutation: You are partially covered in iridescent scales (AC +4). [potion of mutation]
 11075 | D:8      | Gained mutation: Your natural rate of healing is unusually fast. [potion of mutation]
 11075 | D:8      | Gained mutation: You have a pair of small horns on your head. [potion of mutation]
 11443 | D:9      | Reached XP level 11. HP: 66/77 MP: 15/15
 11519 | D:9      | Acquired Makhleb's third power
 11739 | D:9      | Found a staircase to the Lair.
 12299 | D:10     | Entered Level 10 of the Dungeon
 12299 | D:10     | Noticed Harold
 12466 | D:10     | Noticed a hill giant
 12493 | D:10     | Killed a hill giant
 12493 | D:10     | Acquired Makhleb's fourth power
 12512 | D:10     | Noticed a hill giant
 12533 | D:10     | Killed Harold
 12549 | D:10     | Killed a hill giant
 13079 | D:11     | Noticed a cyclops
 13215 | D:11     | Found a labyrinth entrance.
 13227 | Lab      | Entered a labyrinth
 14320 | Lab      | Found an exit through the horrors of the Abyss.
 14467 | Lab      | Killed an unseen horror
 14888 | Lab      | Reached XP level 12. HP: 32/83 MP: 18/18
 15102 | Lab      | Noticed a minotaur
 15119 | Lab      | Killed a minotaur
 15121 | Lab      | Got a bronze scale mail
 15121 | Lab      | Got a sparkling glass ring
 15149 | Lab      | Identified the Handbook of the Birds and Orientation
 15173 | D:11     | Identified the ring of Zanaiggo {+Inv +Fly} (You took it off a minotaur in a labyrinth)
 15186 | D:11     | Identified the +2 scale mail of Intuition {rElec rPois} (You took it off a minotaur in a labyrinth)
 15201 | D:11     | Identified a +3 rod of the swarm (10/10) (You found it in a labyrinth)
 15270 | D:11     | Found a staircase to the Orcish Mines.
 15297 | D:11     | Killed an unseen horror
 15387 | D:11     | Noticed Urug
 15420 | D:11     | Killed Urug
 15434 | D:11     | Killed a cyclops
 15560 | D:11     | Noticed a cyclops
 15579 | D:11     | Killed a cyclops
 15827 | Lair:1   | Entered Level 1 of the Lair of Beasts
 16186 | Lair:1   | Reached skill level 10 in Invocations
 17216 | Lair:2   | Reached skill level 10 in Dodging
 17576 | Lair:2   | Reached skill level 10 in Armour
 17888 | Lair:2   | Reached XP level 13. HP: 88/88 MP: 20/20
 18210 | Lair:3   | Reached XP level 14. HP: 74/95 MP: 21/21
 18270 | Lair:3   | Noticed a fire dragon
 18284 | Lair:3   | Killed a fire dragon
 19299 | Lair:4   | Found a dark tunnel.
 19309 | Volcano  | Entered a volcano
 19338 | Volcano  | Acquired Makhleb's fifth power
 19842 | Lair:4   | Found a staircase to the Shoals.
 20843 | Lair:4   | Reached skill level 12 in Unarmed Combat
 21042 | Lair:5   | Noticed Snorg
 21184 | Lair:4   | HP: 4/95 [hippogriff (7)]
 21402 | Lair:4   | Killed Snorg
 22255 | Lair:5   | )
 22482 | Lair:6   | Found a hole to the Spider Nest.
 23484 | Lair:7   | Reached skill level 5 in Fighting
 23950 | Lair:7   | Reached skill level 13 in Unarmed Combat
 24228 | Lair:7   | Reached XP level 15. HP: 105/105 MP: 22/22
 24808 | Lair:8   | Entered Level 8 of the Lair of Beasts
 25032 | Lair:8   | Learned a level 2 spell: Shroud of Golubria
 25035 | Lair:8   | Learned a level 2 spell: Song of Slaying
 25173 | Lair:8   | Reached skill level 1 in Charms
 25793 | Lair:8   | Found a staircase to the Slime Pits.
 26740 | Lair:8   | Got an ichor-stained scale mail
 26742 | Lair:8   | Identified the cursed +1 scale mail "Daboatta" {+Blink rF+ Int+4} (You found it on level 8 of the Lair of Beasts)
 26808 | Lair:8   | Upgraded the game from 0.17-a0-1881-g2f5db94 to 0.17-a0-1882-g750edc8
 26844 | Lair:8   | Reached skill level 14 in Unarmed Combat
 27054 | Lair:7   | Reached skill level 5 in Charms
 27824 | D:12     | Noticed Nergalle
 27874 | Orc:1    | Entered Level 1 of the Orcish Mines
 28876 | Orc:3    | Noticed an orc warlord
 29380 | Orc:3    | Reached XP level 16. HP: 80/120 MP: 23/23
 29639 | Orc:2    | Killed an orc warlord
 29899 | Orc:4    | Entered Level 4 of the Orcish Mines
 29899 | Orc:4    | Found an iron altar of Okawaru.
 30087 | Orc:4    | Found a staircase to the Elven Halls.
 30990 | Orc:4    | Slain by an orc warrior

Vault maps used:
D:1:      sevenhm_arrival_forest_fort_small_4, hangedman_decor_riveting,
          minmay_rat_gold_closets
D:2:      nicolae_ru_the_path_less_chosen
D:3:      ecumenical_altar_1, grunt_ministairs_2, uniq_terence
D:4:      lemuel_coloured_pillars_altar, first_bread, serial_shops,
          nicolae_shop_statue_plus, uniq_robin, uniq_menkaure
D:5:      lemuel_doored_altar, lemuel_round_altar, basic_altar,
          uniq_blork_the_orc, uniq_edmund, uniq_eustachio
D:6:      nemelex_xobeh_ov_fountains_minmay, lemuel_crystal_altar,
          minmay_temple_entry_glassed_door
D:7:      grunt_ogre_cave, hangedman_decor_peaks_small, minmay_three_doors
D:8:      minitemple, hangedman_feature_mirror
D:9:      dpeg_lair_monsters, kb_rosetta
D:10:     uniq_harold
D:11:     erik_orc_4, serial_ice, serial_ice_d, serial_ice_e, serial_ice_o,
          serial_ice_m, lab_entry_generic, uniq_urug
D:12:     serial_shops, nicolae_shop_trees, glass_columns_a, uniq_nergalle
Temple:   triangle_lava_temple_12
Lair:1:   minmay_holes, hangedman_lair_generics_rect
Lair:2:   beast_lair_carwin_large_2
Lair:3:   dragon1_lemuel
Lair:4:   minmay_shoals_entry_beasts, enter_volcano_4, worms_lemuel
Lair:5:   special_room, uniq_snorg
Lair:6:   nicolae_spider_entry_non_spiders, serial_bayou_shore_b,
          lemuel_fruit_tree, grunt_megastairs_4
Lair:7:   grunt_megastairs_3
Lair:8:   grunt_lair_end_beastmaster, minmay_slime_entry_pillars, st_stairs_9,
          nicolae_quartered_pool_super
Orc:1:    amalloy_card_club
Orc:3:    nicolae_orc_pool_cavern
Orc:4:    grunt_orc_cross, okawaru_metal_pillars_1_2
Lab:      labyrinth_mini_lab, labyrinth_fake_exit, lab_block,
          nicolae_lab_dead_end, nicolae_lab_x
Volcano:  volcano_village

Action                   |  1- 3 |  4- 6 |  7- 9 | 10-12 | 13-15 | 16-18 || total
-------------------------+-------+-------+-------+-------+-------+-------++-------
Melee: Unarmed           |   228 |   204 |   418 |   825 |  1896 |   225 ||  3796
Throw: Throwing net      |       |       |       |     9 |     6 |       ||    15
 Cast: Song of Slaying   |       |       |       |       |     4 |     1 ||     5
Invok: Lesser Servant of |       |       |       |    13 |    27 |     9 ||    49
 Abil: Stop Flying       |       |       |       |       |     1 |       ||     1
       Evoke Flight      |       |       |       |       |     1 |       ||     1
Evoke: Wand              |     5 |    11 |    13 |    10 |    10 |       ||    49
       Phial of floods   |       |       |       |       |     1 |       ||     1
       Rod               |       |       |       |       |     2 |       ||     2
  Use: Potion            |     1 |     3 |     2 |    11 |     3 |       ||    20
       Scroll            |       |       |    16 |     9 |    18 |     1 ||    44
 Stab: Sleeping          |     1 |     1 |     1 |       |       |       ||     3
       Confused          |       |       |     3 |     1 |       |       ||     4
       Distracted        |       |       |     1 |     5 |     6 |       ||    12
       Held in net/web   |       |       |       |     4 |       |       ||     4
       Petrified         |       |       |       |       |     1 |       ||     1
  Eat: Chunk             |     4 |     7 |    12 |    23 |    33 |     6 ||    85
       Beef jerky        |       |       |     1 |     2 |     4 |       ||     7
       Royal jelly       |       |       |     1 |     1 |     1 |       ||     3
       Fruit             |       |       |       |     4 |       |       ||     4
       Pizza             |       |       |       |     1 |     1 |       ||     2
